Map: Sequencer LE

Players

LonelySpork - Winner!

  • Race: Protoss Protoss
  • Spawn Location: 7:00

Wilmer

  • Race: Terran Terran
  • Spawn Location: 1:00

VOD

Have the link to the VOD?

Description

Time

  • Played on: May 12, 2017, 10:56 p.m.
  • Length: 7:44
Show
View Real Time Build Order
Export as new Build Order

LonelySpork Protoss - Winner!

Build Orders: 1 Gate Expand 

Get SALT Encoding   

  12  0:01  Probe (Chrono Boost)  
  13  0:12  Probe (Chrono Boost)  
  14  0:20  Pylon  
  14  0:26  Probe (Chrono Boost)  
  15  0:40  Gateway  
  15  0:44  Probe (Chrono Boost)  
  15  0:45  Assimilator  
  16  0:54  Probe (Chrono Boost)  
  17  1:05  Probe (Chrono Boost)  
  18  1:20  Nexus  
  18  1:28  Probe (Chrono Boost)  
  19  1:34  Cybernetics Core  
  19  1:38  Probe (Chrono Boost)  
  20  1:56  Probe (Chrono Boost)  
  20  2:11  Assimilator  
  20  2:13  Warp Gate  
  20  2:20  Adept  
  22  2:32  Gateway  
  22  2:33  Probe (Chrono Boost)  
  23  2:39  Pylon  
  23  2:43  Probe (Chrono Boost)  
  24  2:47  Probe (Chrono Boost)  
  26  3:04  Mothership Core (Chrono Boost)  
  26  3:05  Probe (Chrono Boost)  
  28  3:10  Adept  
  28  3:33  Adept  
  30  3:37  Robotics Facility  
  30  3:38  Twilight Council  
  30  3:46  Gateway x2  
  30  3:49  Probe (Chrono Boost)  
  30  3:50  Probe (Chrono Boost)  
  32  4:02  Probe (Chrono Boost)  
  33  4:11  Probe (Chrono Boost)  
  33  4:12  Probe (Chrono Boost)  
  35  4:19  Resonating Glaives  
  35  4:21  Probe (Chrono Boost)  
  35  4:23  Probe (Chrono Boost)  
  37  4:34  Adept x2  
  37  4:36  Pylon  
  37  4:38  Probe (Chrono Boost)  
  42  4:39  Probe (Chrono Boost)  
  43  4:48  Probe (Chrono Boost)  
  43  4:49  Assimilator  
  43  4:50  Probe (Chrono Boost)  
  45  4:53  Observer  
  45  4:54  Nexus  
  46  5:00  Pylon  
  46  5:02  Probe x2 (Chrono Boost)  
  48  5:08  Pylon  
  48  5:12  Probe (Chrono Boost), Stalker  
  51  5:15  Stalker, Observer  
  54  5:23  Probe (Chrono Boost)  
  54  5:24  Probe (Chrono Boost)  
  56  5:29  Assimilator  
  56  5:34  Probe (Chrono Boost), Pylon  
  56  5:35  Probe (Chrono Boost)  
  58  5:41  Gateway  
  58  5:43  Gateway  
  58  5:51  Probe x2 (Chrono Boost)  
  60  5:59  Pylon  
  60  6:00  Pylon  
  60  6:05  Zealot x3  
  60  6:08  Probe (Chrono Boost)  
  67  6:12  Probe (Chrono Boost)  
  67  6:16  Assimilator  
  68  6:21  Warp Prism  
  68  6:23  Probe (Chrono Boost)  
  71  6:33  Adept  
  71  6:34  Adept  
  71  6:35  Adept x2  
  79  6:40  Probe (Chrono Boost)  
  79  6:41  Probe (Chrono Boost)  
  79  6:42  Probe (Chrono Boost)  
  82  6:51  Probe (Chrono Boost)  
  82  6:52  Probe x2 (Chrono Boost)  
  85  6:57  Forge x2  
  85  6:58  Pylon  
  85  7:00  Pylon  
Show
View Real Time Build Order
Export as new Build Order

Wilmer Terran 

Build Orders:  

Get SALT Encoding   

  12  0:10  Supply Depot  
  12  0:15  SCV  
  13  0:27  SCV  
  14  0:39  SCV  
  15  0:50  Barracks  
  15  0:51  SCV  
  15  0:56  Barracks  
  16  1:08  SCV  
  17  1:20  SCV  
  18  1:32  SCV  
  18  1:36  Barracks  
  19  1:40  Marine, Barracks  
  20  2:05  Marine x2  
  22  2:09  Orbital Command  
  22  2:23  Marine  
  23  2:42  Marine x4  
  26  3:05  Command Center  
  26  3:08  Marine x2  
  27  3:21  Marine  
  26  3:36  Marine  
  26  3:56  Marine  
  27  4:03  Refinery  
  25  4:35  Orbital Command  
  25  4:41  Refinery  
  25  4:45  SCV  
  26  4:55  Marine x4  
  30  5:13  Marine x2  
  32  5:17  Command Center  
  32  5:21  Factory  
  32  5:24  Engineering Bay  
  32  5:29  SCV  
  32  5:33  Refinery  
  33  5:39  Refinery  
  33  5:41  SCV  
  33  5:42  Marine x2  
  36  6:06  Missile Turret, Factory Tech Lab  
  36  6:12  Starport  
  36  6:17  SCV x2  
  38  6:27  Widow Mine  
  38  6:29  SCV  
  41  6:33  Orbital Command  
  41  6:48  SCV x2, Starport  
  43  6:54  Starport Tech Lab  
  43  7:00  Starport  
  42  7:20  Marine x2  
  42  7:21  Marine x2  
Tags
 
Add a new tag
Caveats
  • Supply blocks, unpowered buildings, or Contaminate may cause inaccurate times.
  • Supply counts are checked every 10 seconds.